 Dungeon Crawl Stone Soup version 0.31.0-2-g5a2aebc5c2 (webtiles) character file.

Game seed: 4651247906438572602

1516238 DracoOmega the Meteorologist (level 26, 188/188 HPs)
             Began as a Tengu Delver on Jan 20, 2024.
             Was the Champion of Ru.
             Escaped with the Orb
             ... and 3 runes on Jan 21, 2024!
             The game lasted 03:55:11 (81566 turns).

DracoOmega the Meteorologist (Tengu Delver)        Turns: 81566, Time: 03:55:11

Health: 188/188    AC: 16    Str: 17    XL:     26   Next: 82%
Magic:  40/40      EV: 40    Int: 18    God:    Ru [******]
Gold:   3418       SH:  7    Dex: 26    Spells: 10/47 levels left

rFire   + . .        a - +4 demon blade (freeze)
rCold   . . .        l - +1 buckler {rC+}
rNeg    . . .        Z - +4 ring mail {rF+}
rPois   .            q - +2 hat of Insurance {rCorr SInv Stlth+}
rElec   .            R - +1 cloak of Magic {^Drain rF+ Dex+7}
rCorr   +            h - +2 pair of gloves {Dex+3}
SInv    +            (boots unavailable)
Will    ++...        T - amulet "Ullemm" {Regen+ Str+5 Int+2} Stlth
                     H - +4 ring of protection
HPRegen 1.31/turn    j - ring "Dobuin" {Will+ MP+9 EV+5 Dex-5}
MPRegen 0.27/turn

%: inaccuracy (-5), acrobat
@: flying, studying Necromancy
A: beak, talons 3, no stealth, hated by all, reduced AC 1, evasive flight,
missing an eye, temperature sensitive, no forms, acrobatic, dopey 1, low MP 2
0: Orb of Zot
}: 3/15 runes: barnacled, abyssal, gossamer
a: Renounce Religion, Draw Out Power, Power Leap, Apocalypse


You escaped.
You worshipped Ru.
Ru was exalted by your worship.
You visited 10 branches of the dungeon, and saw 47 of its levels.
You visited the Abyss 2 times.
You visited 1 bazaar.
You also visited: Sewer, Bailey, Gauntlet, Ice Cave and Desolation.

You collected 6850 gold pieces.
You spent 3432 gold pieces at shops.

Inventory:

Hand Weapons
 a - a +4 demon blade of freezing (weapon)
Missiles
 A - 25 curare-tipped darts
 L - 5 throwing nets
Armour
 h - a +2 pair of gloves of dexterity (worn)
 l - a +1 buckler of cold resistance (worn)
 q - the +2 hat of Insurance (worn) {rCorr SInv Stlth+}
   (You found it on level 4 of the Spider Nest)

   SInv:      It lets you see invisible.
   rCorr:     It protects you from acid and corrosion.
   Stlth+:    It makes you more stealthy.
 B - a scarf of resistance
 R - the +1 cloak of Magic (worn) {^Drain rF+ Dex+7}
   (You found it on level 4 of the Spider Nest)

   Dex+7:     It affects your dexterity (+7).
   rF+:       It protects you from fire.
   ^Drain:    It drains your maximum health when unequipped.
 Z - a +4 ring mail of fire resistance (worn)
Magical Staves
 b - the staff "Herax" {rElec rF++ Str-4 Summ Fire Air}
   (You took it off a deep elf high priest on level 3 of the Elven Halls)

   [staff of air]

   Base accuracy: +5 Base damage: 5 Base attack delay: 1.2 This weapon's minimum
   attack delay (0.6) is reached at skill level 12.
   Str-4:     It affects your strength (-4).
   rF++:      It greatly protects you from fire.
   rElec:     It insulates you from electricity.
   Summ:      It increases the power of your Summonings spells.
   Fire:      It increases the power of your Fire spells.
   Air:       It increases the power of your Air spells.
   It falls into the 'Staves' category.
   It is a one-handed weapon.
Jewellery
 j - the ring "Dobuin" (right hand) {Will+ MP+9 EV+5 Dex-5}
   (You found it in the Desolation of Salt)

   [ring of evasion]

   EV+5:      It affects your evasion (+5).
   Dex-5:     It affects your dexterity (-5).
   Will+:     It increases your willpower.
   MP+9:      It affects your magic capacity (+9).
 v - the amulet "Geihih" {rElec rF- Regen+ Str-3 Dex+8}
   (You took it off a ragged hierophant in the Desolation of Salt)

   [amulet of regeneration]

   Str-3:     It affects your strength (-3).
   Dex+8:     It affects your dexterity (+8).
   rF-:       It makes you vulnerable to fire.
   rElec:     It insulates you from electricity.
   Regen+:    It increases your rate of health regeneration.
 D - the ring of Ethics {Ice Str-4 Dex+2 Slay+5}
   (You took it off a servant of whispers in the Desolation of Salt)

   [ring of ice]

   Ice:       It enhances your ice magic.
   Str-4:     It affects your strength (-4).
   Dex+2:     It affects your dexterity (+2).
   Slay+5:    It affects your accuracy & damage with ranged weapons and melee
   (+5).
   rF-:       It makes you vulnerable to fire.
   rC+:       It protects you from cold.
 H - a +4 ring of protection (left hand)
 S - a ring of protection from fire
 T - the amulet "Ullemm" (around neck) {Regen+ Str+5 Int+2}
   (You found it in the Desolation of Salt)

   [amulet of regeneration]

   Str+5:     It affects your strength (+5).
   Int+2:     It affects your intelligence (+2).
   Regen+:    It increases your rate of health regeneration.
Wands
 g - a wand of digging (11)
 F - a wand of mindburst (42)
 N - a wand of light (25)
 O - a wand of roots (30)
 Q - a wand of paralysis (47)
Scrolls
 c - 7 scrolls of fog
 e - 8 scrolls of fear
 k - 4 scrolls of vulnerability
 m - 10 scrolls of immolation
 n - 23 scrolls of teleportation
 r - 4 scrolls of brand weapon
 s - 3 scrolls of revelation
 t - 5 scrolls of blinking
 w - 5 scrolls of amnesia
 y - 24 scrolls of identify
 I - 5 scrolls of poison
 K - 5 scrolls of enchant armour
 P - a scroll of silence
 U - 4 scrolls of noise
 V - a scroll of torment
 X - 4 scrolls of enchant weapon
Potions
 d - 9 potions of cancellation
 f - 7 potions of haste
 i - 11 potions of heal wounds
 o - 11 potions of enlightenment
 u - 7 potions of brilliance
 x - 2 potions of invisibility
 z - 12 potions of curing
 C - 6 potions of mutation
 E - 9 potions of might
 G - 4 potions of magic
 J - 2 potions of resistance
 M - 2 potions of berserk rage
 W - 4 potions of ambrosia
Miscellaneous
 p - a lightning rod (4/4)
 Y - a condenser vane


   Skills:
 + Level 25.4 Fighting
 - Level 14.0 Long Blades
 - Level 5.0 Armour
 - Level 23.0 Dodging
 - Level 3.0 Shields
 - Level 11.0 Spellcasting
 - Level 22.2 Conjurations
 - Level 8.3 Necromancy
 - Level 10.0 Fire Magic
 O Level 27 Air Magic


You had 10 spell levels left.
You knew the following spells:

 Your Spells              Type           Power      Damage    Failure   Level
a - Vhi's Electric Charg  Tloc/Air       100%       N/A       1%          4
b - Arcjolt               Conj/Air       39%        1d49      1%          5
c - Vampiric Draining     Necr           39%        2d8       1%          3
d - Plasma Beam           Fire/Air       33%        2x1d46    1%          6
e - Maxwell's Capacitive  Air            41%        ∞         1%          8
f - Freezing Cloud        Conj/Ice/Air   31%        6-21      1%          5
g - Magic Dart            Conj           100%       1d8       0%          1
x - Iskenderun's Battles  Conj           74%        2d12      1%          5

Your spell library contained the following spells:

 Spells                   Type           Power      Damage    Failure   Level
 Static Discharge         Conj/Air       100%       3-8/arc   0%          2
 Necrotise                Necr           100%       1d9       1%          1
 Sting                    Conj/Alch      100%       1d9       1%          1
 Cigotuvi's Dreadful Rot  Necr/Alch/Air  100%       N/A       1%          2
 Mercury Vapours          Alch/Air       100%       N/A       1%          2
 Momentum Strike          Conj/Tloc      98%        3d10      1%          2
 Scorch                   Fire           90%        2d8       1%          2
 Fugue of the Fallen      Necr           39%        N/A       1%          3
 Hailstorm                Conj/Ice       49%        3d10      1%          3
 Brom's Barrelling Bould  Conj/Erth      49%        2d7       1%          4
 Fulminant Prism          Conj/Alch      24%        3d12      1%          4
 Iskenderun's Mystic Bla  Conj/Tloc      49%        2d11      1%          4
 Fireball                 Conj/Fire      30%        3d13      1%          5
 Silence                  Hex/Air        27%        N/A       1%          5
 Conjure Ball Lightning   Conj/Air       39%        3x3d13    1%          6
 Orb of Destruction       Conj           37%        9d11      1%          7
 Starburst                Conj/Fire      30%        6d9       3%          6
 Volatile Blastmotes      Fire/Tloc      54%        2d14      6%          3
 Apportation              Tloc           18%        N/A       16%         1
 Freeze                   Ice            36%        1d5       16%         1
 Slow                     Hex            36%        N/A       16%         1
 Curse of Agony           Necr           39%        N/A       16%         5
 Ignite Poison            Fire/Alch      27%        N/A       21%         4
 Sticky Flame             Fire/Alch      27%        2d7       21%         4
 Blink                    Tloc           18%        N/A       24%         2
 Ensorcelled Hibernation  Hex/Ice        18%        N/A       24%         2
 Jinxbite                 Hex            18%        N/A       24%         2
 Lesser Beckoning         Tloc           18%        N/A       24%         2
 Bombard                  Conj/Erth      24%        9d5       26%         6
 Anguish                  Hex/Necr       12%        N/A       30%         4
 Frozen Ramparts          Ice            18%        1d3       43%         3
 Gell's Gravitas          Tloc           9%         N/A       43%         3
 Ozocubu's Armour         Ice            9%         N/A       43%         3
 Passwall                 Erth           9%         N/A       43%         3
 Teleport Other           Tloc           9%         N/A       43%         3
 Borgnjor's Vile Clutch   Necr/Erth      12%        N/A       63%         5
 Cause Fear               Hex            4%         N/A       85%         4
 Dimensional Bullseye     Hex/Tloc       4%         N/A       85%         4
 Leda's Liquefaction      Alch/Erth      4%         N/A       85%         4
 Manifold Assault         Tloc           9%         N/A       85%         4
 Olgreb's Toxic Radiance  Alch           9%         N/A       85%         4
 Passage of Golubria      Tloc           9%         N/A       85%         4
 Petrify                  Alch/Erth      9%         N/A       85%         4
 Alistair's Intoxication  Alch           6%         N/A       99%         5
 Lee's Rapid Deconstruct  Erth           4%         3d5*      99%         5
 Metabolic Englaciation   Hex/Ice        4%         N/A       99%         5
 Yara's Violent Unravell  Hex/Alch       4%         3d4       99%         5
 Eringya's Noxious Bog    Alch           4%         4d6       100%        6
 Enfeeble                 Hex            4%         N/A       100%        7
 Ozocubu's Refrigeration  Ice            4%         4d8       100%        7
 Discord                  Hex            4%         N/A       100%        8
 Lehudib's Crystal Spear  Conj/Erth      24%        10d7      100%        8
 Polar Vortex             Ice            4%         N/A       100%        9
 Summon Lightning Spire   Summ/Air       Unusable   N/A       N/A         4
 Call Imp                 Summ           Unusable   N/A       N/A         2
 Martyr's Knell           Necr/Summ      Unusable   N/A       N/A         4
 Call Canine Familiar     Summ           Unusable   N/A       N/A         3
 Summon Ice Beast         Ice/Summ       Unusable   N/A       N/A         3
 Tukima's Dance           Hex            Unusable   N/A       N/A         3
 Death Channel            Necr           Unusable   N/A       N/A         6
 Spellforged Servitor     Conj/Summ      Unusable   N/A       N/A         7
 Animate Armour           Summ/Erth      Unusable   N/A       N/A         4
 Sculpt Simulacrum        Ice/Alch       Unusable   N/A       N/A         6
 Haunt                    Necr/Summ      Unusable   N/A       N/A         7
 Dragon's Call            Summ           Unusable   N/A       N/A         9

Dungeon Overview and Level Annotations

Branches:
Dungeon (15/15)            Temple (1/1) D:6            Lair (5/5) D:11
 Shoals (4/4) Lair:2       Spider (4/4) Lair:2        Slime (0/5) Lair:5
    Orc (2/2) D:12            Elf (3/3) Orc:2        Vaults (4/5) D:14
  Crypt (0/3) Vaults:3     Depths (4/4) D:15            Zot (5/5) Depths:4
  Sewer (visited)          Bailey (visited)           IceCv (visited)
Desolation (visited)      Gauntlet (visited)

Altars:
Ashenzari
Cheibriados
Dithmenos
Elyvilon
Kikubaaqudgha
Makhleb
Nemelex Xobeh
Okawaru
Qazlal
Ru
Sif Muna
Trog
Uskayaw
Vehumet
Wu Jian
Xom
Zin
The Shining One

Shops:
D:6 ?   D:11 (*   D:14 *   D:15 [   Orc:2 =!*:   Elf:1 [   Elf:2 [   Vaults:1 *
Vaults:2 !   Vaults:3 ((   Zot:4 *   Depths:2 [

Portals:
Hell: Depths:1 Depths:2 Depths:3 Depths:4
Abyss: Depths:2 Depths:3
Pandemonium: Depths:2
Ziggurat: Depths:2

Annotations:
D:7 Jeremiah
D:10 exclusion: ugly thing
D:11 exclusion: acid dragon
Lair:4 3 runed translucent doors, SnakkuSnakku7's ghost, journeyman FoCA
Elf:2 3 runed translucent doors
Zot:1 4 transporters
Zot:4 1 runed translucent door, Heisao's ghost, legendary TrBe


Innate Abilities, Weirdness & Mutations

You have a beak for a mouth.
You have claws for feet.
You cannot be stealthy.
You are hated by all.
You take slightly more damage. (AC -5)
Your magical flight helps you evade attacks. (EV +4)
You are missing an eye, making it more difficult to aim.
You are sensitive to extremes of temperature. (rF-, rC-)
You cannot voluntarily change form.
You can magically evade attacks while moving or waiting.
You are dopey. (Int -2)
Your magical capacity is very low. (-20% MP)


Message History

You miss the soul eater. Your kick misses the soul eater.
You peck the soul eater, but do no damage.
The soul eater is severely wounded.
The soul eater begins to attack, but is stunned by your conviction!
You miss the soul eater.
You claw the soul eater, but do no damage.
Your peck misses the soul eater.
The soul eater is severely wounded.
You slash the soul eater! You claw the soul eater.
The soul eater is almost dead.
You redirect the soul eater's attack!
The soul eater completely misses you.
You slice the soul eater!! You freeze the soul eater.
You kill the soul eater!
You slice the large abomination!! You freeze the large abomination!
You claw the large abomination. Your peck misses the large abomination.
The large abomination is almost destroyed.
The large abomination misses you.
You slash the large abomination! You freeze the large abomination.
You destroy the large abomination!
No target in view!
No target in view!
What level of the Dungeon? (default 1, ? - help) You're already here!
Unknown command.
Magic restored.
You see here a +0 club.
You see here 9 stones.
A tormentor comes into view.
The tormentor begins to attack, but is stunned by your conviction!
You block the tormentor's attack. The tormentor completely misses you.
You slice the tormentor!! You freeze the tormentor!
You kill the tormentor!
What level of the Dungeon? (default 1, ? - help) You're already here!
The wolf howls!
The polar bear growls angrily.
The lindwurm roars!
You hear an angry hiss.
The wyvern hisses angrily.
There is a staircase leading out of the dungeon here.
You have escaped!

#...# #.........# #...'.#.....#
...## #8........# #...###...#.#
)#.# ##..###..#.# #...# #...#..
.#.## #...#k#..#.####...# #...###
.#..###8..#h#..#.#......###...###
.#........#k#..#.#.##....##......
##.####8..#b#..#.#.##....##....##
...# #...#h#..#.#...###.......##
#### ##..###.|#@#.#.######.##...
#8.)....###........#.#...(
#.......# #.######.#.#.###
##.8.8.## #.# #.#...... #.....#
#.######.#...##. #######
#........#...##. #######......##.
#.##.#.### #....#.#


There were no monsters in sight!

Vanquished Creatures
  A dread lich (Zot:5)
  Tiamat (Zot:2)
  Frederick (Vaults:4)
  An ancient lich (Depths:2)
  6 orbs of fire
  A juggernaut (Depths:4)
  Mara (Shoals:3)
  Josephina (Zot:2)
  9 Killer Klowns
  2 curse toes
  Saint Roka (Orc:2)
  4 caustic shrikes
  3 golden dragons
  Nikola (Shoals:1)
  Arachne (Spider:4)
  4 electric golems
  A bone dragon (Depths:4)
  Rupert (Spider:1)
  Jorgrun (Orc:2)
  A Hell Sentinel (D:15)
  3 liches
  17 tentacled monstrosities
  3 deep elf blademasters (Elf:3)
  26 Orb Guardians
  5 sphinxes
  7 quicksilver dragons
  An acid blob (Depths:1)
  4 deep elf master archers (Elf:3)
  A walking divine tome (Depths:2)
  The ghost of cfbundy the Severer, an adept FoFi of the Shining One (Spider:4)
  Polyphemus (Shoals:2)
  A tentacled starspawn (Abyss:3)
  7 death cobs
  A kraken (Shoals:2)
  A tengu reaver (Depths:1)
  Agnes (D:14)
  Kirke (Elf:1)
  3 rockslimes (Depths:1)
  Aizul (Spider:1)
  Ilsuiw (Shoals:3)
  2 azure jellies (Depths:1)
  11 shadow dragons
  12 storm dragons
  3 draconian monks
  A draconian knight (Depths:4)
  5 draconian scorchers
  4 fire giants
  3 emperor scorpions
  4 protean progenitors
  6 frost giants
  2 imperial myrmidons (Desolation)
  12 deep elf sorcerers
  6 ghost moths
  11 vault wardens
  2 draconian shifters
  2 balrugs (Depths:2)
  A cacodemon (D:4)
  4 deep elf elementalists (Elf:3)
  2 draconian annihilators
  12 ironbound preservers
  3 formless jellyfish
  2 quicksilver oozes (Depths:1)
  A spriggan defender (Depths:2)
  18 very ugly things
  10 stone giants
  11 ironbound thunderhulks
  3 vampire knights
  2 broodmothers (Spider:1)
  5 green draconians
  8 deep elf demonologists
  5 deep elf death magi
  16 spark wasps
  4 deep elf annihilators (Elf:3)
  7 red draconians
  2 war gargoyles
  5 yellow draconians
  7 black draconians
  A minotaur (Gauntlet)
  A bunyip (Abyss:3)
  9 white draconians
  6 purple draconians
  22 dire elephants
  10 yaktaur captains
  5 ettins
  11 merfolk javelineers
  8 deep elf high priests (Elf:3)
  3 entropy weavers
  6 crystal guardians
  6 merfolk impalers
  8 ragged hierophants (Desolation)
  13 great orbs of eyes
  6 fire dragons
  4 hydras
  20 peacekeepers
  11 vault guards
  16 servants of whispers (Desolation)
  Erolcha (D:11)
  13 ice dragons
  4 catoblepae
  7 centaur warriors
  4 spriggan air magi
  4 rakshasas
  A death knight (D:15)
  4 merfolk aquamancers
  2 jorogumos
  9 ironbound frosthearts
  3 merfolk avatars
  3 satyrs
  9 boulder beetles
  A spectral fire giant (Depths:2)
  13 dancing weapons
  2 two-headed ogres
  12 death yaks
  2 vampire magi
  6 deep troll shamans
  2 radroaches
  8 tengu warriors
  An alligator snapping turtle (Shoals:4)
  17 demonic crawlers
  A deep troll earth mage (Depths:2)
  6 spriggan berserkers
  An alligator (shapeshifter) (Elf:1)
  An occultist (Depths:2)
  6 orc high priests (Orc:2)
  4 spriggans
  Urug (Lair:2)
  Sonja (D:11)
  Nergalle (D:11)
  3 sun demons
  2 hell knights
  11 deep elf knights
  4 soul eaters
  4 iron trolls
  A wretched star (Abyss:3)
  A shadow wraith (Depths:2)
  A titan skeleton (Vaults:2)
  A spectral death yak (Lair:5)
  5 pharaoh ants
  A sixfirhy (D:3)
  5 skysharks
  5 sun moths
  A storm dragon skeleton (Depths:3)
  2 skeletal warriors (Depths:2)
  A spectral anaconda (Lair:5)
  12 orb spiders
  A golden dragon zombie (Depths:2)
  A glowing orange brain (shapeshifter) (Elf:1)
  5 glowing orange brains
  A spark wasp zombie (Depths:3)
  11 sea snakes
  39 deep trolls
  2 flayed ghosts (Depths:2)
  7 deep elf archers
  2 orange crystal statues (Abyss:3)
  A sun moth (shapeshifter) (Elf:1)
  5 lindwurms
  11 steelbarb worms
  An obsidian statue (Lair:5)
  5 arcanists
  2 phantasmal warriors (Abyss:3)
  A human zombie (Vaults:1)
  19 deep elf zephyrmancers
  9 orc knights
  A fire giant zombie (Depths:3)
  A tengu zombie (Vaults:2)
  A sphinx simulacrum (Depths:3)
  18 ironbound convokers
  A tengu skeleton (Vaults:2)
  21 deep elf pyromancers
  6 harpies
  10 necromancers
  An elf skeleton (Vaults:2)
  23 wolf spiders
  A shining eye (shapeshifter) (D:15)
  6 cyclopes
  3 orc sorcerers (Orc:1)
  17 manticores
  15 fauns
  An oklob plant (Lair:5)
  2 meliai (Spider:4)
  27 moths of wrath
  41 ugly things
  Maurice (D:7)
  12 shining eyes
  2 salamanders (Depths:3)
  An iron dragon skeleton (Depths:2)
  2 meliai (shapeshifter) (Elf:1)
  An elephant (shapeshifter) (Depths:3)
  11 water nymphs
  6 merfolk sirens
  A stone giant skeleton (Vaults:1)
  4 guardian serpents
  23 elephants
  20 vault sentinels
  2 kobold blastminers (Orc:1)
  3 smoke demons
  11 torpor snails
  A water nymph (shapeshifter) (Elf:1)
  Maggie (D:6)
  3 black mambas
  A gargoyle (Bailey)
  An ice statue (IceCv)
  2 storm dragon simulacra (Zot:2)
  8 cane toads
  2 molten gargoyles (Desolation)
  2 large abominations
  5 rime drakes
  31 yaktaurs
  A kobold demonologist (D:12)
  An unseen horror (D:10)
  A rime drake (shapeshifter) (Elf:1)
  6 komodo dragons
  3 hellions
  A yaktaur zombie (Vaults:1)
  3 tormentors
  A yaktaur skeleton (Vaults:2)
  A ghost moth simulacrum (Zot:2)
  An ancient zyme (Abyss:3)
  9 polar bears (IceCv)
  8 tengu conjurers
  7 trolls
  A wind drake (shapeshifter) (Vaults:4)
  25 merfolk
  A shadow dragon simulacrum (Zot:2)
  10 hornets
  4 raiju
  22 tarantellas
  7 wind drakes
  13 snapping turtles
  9 dream sheep
  2 spectral elephants (Lair:5)
  82 saltlings (Desolation)
  13 blink frogs
  Prince Ribbit (D:7)
  A glass eye (Depths:3)
  32 slime creatures
  An ettin skeleton (Vaults:2)
  12 air elementals
  3 shadows
  16 culicivoras
  6 wyverns
  27 jumping spiders
  29 water elementals
  2 elf zombies
  3 hogs (Elf:1)
  4 wraiths
  3 basilisks
  3 golden eyes (Depths:1)
  6 small abominations
  4 wargs
  65 yaks
  5 fire bats
  A yak (shapeshifter) (D:15)
  A fire elemental (Elf:2)
  35 redbacks
  4 neqoxecs (Abyss:3)
  9 vampire mosquitoes
  A chaos spawn (Abyss:3)
  2 steam dragons
  Menkaure (D:4)
  2 death yak simulacra (Lair:5)
  A spectral cane toad (Lair:5)
  A glowing shapeshifter zombie (Depths:3)
  23 water moccasins
  32 orc warriors
  A sky beast (D:8)
  3 ogres
  2 black bears (D:11)
  4 ice beasts
  26 wolves
  2 elephant skeletons (Lair:5)
  10 centaurs
  3 phantoms
  3 brain worms (Abyss:3)
  A gnoll sergeant (D:6)
  7 bullfrogs
  A kobold brigand (Sewer)
  4 scorpions
  A human skeleton (Vaults:2)
  4 earth elementals
  2 water moccasin zombies (D:5)
  14 killer bees
  9 vampire bats (Bailey)
  4 howler monkeys
  3 electric eels (D:9)
  8 wolf zombies (Bailey)
  A bombardier beetle (D:5)
  2 jellies
  A centaur zombie (D:5)
  A sleepcap (D:4)
  26 orc priests
  3 hounds
  A gnoll bouda (D:8)
  3 iguanas
  9 orc wizards
  2 scorpion zombies (D:5)
  15 gnolls
  9 adders
  12 white imps (Orc:1)
  2 ufetubi (D:7)
  3 dart slugs
  2 ribbon worms
  74 orcs
  7 bats
  11 endoplasms
  5 giant cockroaches
  6 hobgoblins
  3 jackals (D:1)
  6 quokkas
  8 ball pythons
  6 frilled lizards
  10 goblins
  16 kobolds
  19 orc zombies (Bailey)
  6 rats
  A starspawn tentacle (Abyss:3)
  4 tentacles (Shoals:2)
2148 creatures vanquished.

Vanquished Creatures (others)
  A fire giant (Depths:2)
  A deep elf death mage (Depths:2)
  A dire elephant (Vaults:1)
  A spark wasp (Zot:4)
  2 crystal guardians
  An ettin (Depths:2)
  A fire dragon (Depths:4)
  3 deep trolls
  A sea snake (Shoals:2)
  2 deep elf zephyrmancers (Elf:1)
  A lindwurm (Vaults:2)
  A harpy (Shoals:1)
  An ironbound convoker (Vaults:1)
  3 wolf spiders (Spider:4)
  A manticore (shapeshifter) (Depths:1)
  3 manticores
  3 moths of wrath
  A kobold blastminer (Orc:2)
  A cane toad (Lair:1)
  A kobold demonologist (D:8)
  A yaktaur (Vaults:1)
  2 merfolk
  A hornet (Spider:4)
  A blink frog (Lair:4)
  2 jumping spiders
  An air elemental (Elf:3)
  3 yaks
  A hog (Elf:1)
  A spectral cane toad (Lair:5)
  A human (D:4)
  A centaur (D:11)
  A bullfrog (Lair:3)
  3 orcs (Orc:2)
  A foxfire (Abyss:3)
  3 starspawn tentacles (Abyss:3)
53 creatures vanquished.

Grand Total: 2201 creatures vanquished

Notes
Turn   | Place    | Note
-------+----------+-------------------------------------------
     0 | D:5      | DracoOmega the Tengu Delver began the quest for the Orb.
     0 | D:5      | Reached XP level 1. HP: 14/14 MP: 2/2
    96 | D:5      | Noticed a phantom
    96 | D:5      | Noticed an iguana
   111 | D:5      | Noticed a bombardier beetle
   157 | D:5      | Noticed a phantom
   181 | D:4      | Noticed an iguana
   182 | D:4      | Noticed a jelly
   217 | D:3      | Reached XP level 2. HP: 19/19 MP: 3/3
   236 | D:3      | Noticed a phantom
   472 | D:3      | Reached XP level 3. HP: 23/23 MP: 4/4
   542 | D:3      | Reached XP level 4. HP: 15/28 MP: 5/5
  1096 | D:1      | Reached skill level 5 in Long Blades
  1176 | D:1      | Noticed a polar bear
  1176 | D:1      | Noticed a lindwurm
  1176 | D:1      | Noticed a wyvern
  1177 | D:1      | Noticed a wolf
  1962 | D:3      | Reached XP level 5. HP: 32/32 MP: 6/6
  1976 | D:3      | Killed a phantom
  2164 | D:4      | Reached XP level 6. HP: 18/37 MP: 7/7
  2387 | D:4      | Noticed Menkaure
  2906 | D:4      | Found an ancient bone altar of Kikubaaqudgha.
  2907 | D:4      | Noticed a human
  2911 | D:4      | Killed a human
  3253 | D:5      | Gained mutation: Your magical flight helps you evade
                  | attacks. (EV +4) [Tengu growth]
  3253 | D:5      | Reached XP level 7. HP: 27/41 MP: 8/8
  3483 | D:5      | Found a basalt altar of Yredelemnul.
  3764 | D:5      | Reached XP level 8. HP: 41/46 MP: 9/9
  3790 | D:5      | Reached skill level 10 in Long Blades
  3992 | D:6      | Reached skill level 1 in Armour
  4209 | D:6      | Found a staircase to the Ecumenical Temple.
  4220 | Temple   | Entered the Ecumenical Temple
  4240 | Temple   | Became a worshipper of Ru the Awakened
  4395 | D:6      | Reached skill level 5 in Fighting
  4409 | D:6      | Found a glowing drain.
  4470 | Sewer    | Entered a sewer
  4813 | D:6      | Reached XP level 9. HP: 50/54 MP: 10/10
  4854 | D:6      | Found Xuzam's Magic Scroll Emporium.
  4864 | D:6      | Bought a scroll of blinking for 82 gold pieces
  5049 | D:6      | Identified the +0 dagger "Toagap" {freeze, rN++ Str+3 Dex-5
                  | Stlth+}
  5345 | D:6      | Noticed Maggie
  5357 | D:6      | Killed Maggie
  5447 | D:7      | Gained mutation: You are missing an eye, making it more
                  | difficult to aim. [Ru sacrifice]
  5447 | D:7      | Reached * piety under Ru
  5471 | D:7      | Noticed Maurice
  5533 | D:7      | Noticed a hornet
  5548 | D:7      | Paralysed by a hornet for 1 turns
  5549 | D:7      | Killed a hornet
  5669 | D:7      | Found a flagged portal.
  5684 | Bailey   | Entered a bailey
  5937 | Bailey   | Reached XP level 10. HP: 49/59 MP: 11/11
  6058 | Bailey   | Identified the +8 glaive of Noxious Duty {vamp, Dex+7}
  6108 | Bailey   | Noticed a gargoyle
  6127 | Bailey   | Killed a gargoyle
  6308 | Bailey   | Identified the +0 leather armour of Haedd {rPois Int+3}
  6354 | Bailey   | Identified the +5 scale mail of the Bellicose God {+Blink
                  | rC+}
  6488 | D:7      | Noticed Jeremiah
  6494 | D:7      | Noticed Prince Ribbit
  6530 | D:7      | Killed Prince Ribbit
  6810 | D:8      | Noticed a kobold demonologist
  6832 | D:8      | Killed a kobold demonologist
  6857 | D:8      | Noticed a two-headed ogre
  6885 | D:8      | Killed a two-headed ogre
  6901 | D:8      | Reached skill level 5 in Armour
  7039 | D:8      | Reached skill level 5 in Dodging
  7811 | D:9      | Reached XP level 11. HP: 68/68 MP: 12/12
  8341 | D:9      | Reached skill level 1 in Necromancy
  8587 | D:9      | Reached skill level 1 in Spellcasting
  8646 | D:9      | Gained mutation: You are hated by all. [Ru sacrifice]
  8646 | D:9      | Reached ** piety under Ru
  9504 | D:10     | Entered Level 10 of the Dungeon
  9786 | D:10     | Found a sparkling altar of Nemelex Xobeh.
 10106 | D:10     | Reached skill level 5 in Necromancy
 10364 | D:10     | Noticed a two-headed ogre
 10375 | D:10     | Killed a two-headed ogre
 10560 | D:10     | Noticed a white ugly thing
 10822 | D:10     | Found a glowing silver altar of Zin.
 10831 | D:10     | Found an ornate altar of the Wu Jian Council.
 11051 | D:11     | Found Gaenumn's Weapon Boutique.
 11113 | D:11     | Noticed Erolcha
 11251 | D:11     | Found Deisseor's General Store.
 11257 | D:11     | Bought a potion of curing for 33 gold pieces
 11257 | D:11     | Bought a potion of might for 44 gold pieces
 11415 | D:11     | Noticed Sonja
 11421 | D:11     | Killed Sonja
 11555 | D:11     | Learned a level 3 spell: Vampiric Draining
 11673 | D:11     | Noticed Nergalle
 11681 | D:11     | Found a staircase to the Lair.
 11727 | D:11     | Killed Nergalle
 11756 | Lair:1   | Entered Level 1 of the Lair of Beasts
 11812 | Lair:1   | Gained mutation: You are sensitive to extremes of
                  | temperature. (rF-, rC-) [Ru sacrifice]
 11812 | Lair:1   | Reached *** piety under Ru
 11812 | Lair:1   | Reached **** piety under Ru
 11812 | Lair:1   | Reached ***** piety under Ru
 11955 | Lair:1   | Reached XP level 12. HP: 73/73 MP: 20/20
 12077 | Lair:1   | Reached skill level 2 in Air Magic
 12093 | Lair:1   | Reached skill level 3 in Air Magic
 12257 | Lair:1   | Reached skill level 4 in Air Magic
 12762 | Lair:1   | Reached skill level 5 in Air Magic
 12902 | Lair:1   | Reached skill level 6 in Air Magic
 12954 | Lair:2   | Reached skill level 7 in Air Magic
 13073 | Lair:2   | Reached skill level 8 in Air Magic
 13215 | Lair:1   | Reached skill level 9 in Air Magic
 13462 | Lair:2   | Noticed an eight-headed hydra
 13546 | Lair:2   | Reached skill level 1 in Conjurations
 13717 | Lair:2   | Noticed Urug
 13754 | Lair:2   | Killed Urug
 13755 | Lair:2   | Reached skill level 10 in Air Magic
 13874 | Lair:2   | Found a hole to the Spider Nest.
 13968 | Lair:2   | Killed a 14-headed hydra
 14031 | Lair:2   | Reached skill level 11 in Air Magic
 14074 | Lair:2   | Reached skill level 5 in Conjurations
 14111 | Lair:2   | Found a staircase to the Shoals.
 14488 | Lair:3   | Noticed a skyshark
 14499 | Lair:3   | Killed a skyshark
 14518 | Lair:3   | Reached XP level 13. HP: 68/78 MP: 21/21
 14527 | Lair:3   | Reached skill level 12 in Air Magic
 14804 | Lair:3   | Found a gate leading to a gauntlet.
 14813 | Gauntlet | Entered a Gauntlet
 14813 | Gauntlet | Found a transporter.
 14813 | Gauntlet | Found a transporter.
 14901 | Gauntlet | Found a transporter.
 14905 | Gauntlet | Found a runed translucent gate.
 14908 | Gauntlet | Found a runed translucent gate.
 14908 | Gauntlet | Found a runed translucent gate.
 14916 | Gauntlet | Found a transporter.
 14934 | Gauntlet | Found a transporter.
 14934 | Gauntlet | Found a transporter.
 14937 | Gauntlet | Found a transporter.
 14937 | Gauntlet | Found a transporter.
 14938 | Gauntlet | Found a transporter.
 14945 | Gauntlet | Found a runed translucent door.
 14948 | Gauntlet | Found a runed translucent door.
 14950 | Gauntlet | Found a transporter.
 14968 | Gauntlet | Found a transporter.
 14975 | Gauntlet | Found a transporter.
 14994 | Gauntlet | Found a transporter.
 15014 | Gauntlet | Found a transporter.
 15128 | Gauntlet | Gained mutation: You cannot be stealthy. [Ru sacrifice]
 15142 | Gauntlet | Learned a level 5 spell: Arcjolt
 15173 | Gauntlet | Identified the dragon-blood talisman "Ceosmil" {Will+
                  | Int+4}
 15241 | Gauntlet | Noticed a minotaur
 15244 | Gauntlet | Killed a minotaur
 15245 | Gauntlet | Reached skill level 13 in Air Magic
 15265 | Gauntlet | Identified the +2 pair of gloves "Qaghyteh" {rPois Will-
                  | Str+8 Int-4}
 15355 | Lair:3   | Found a burning altar of Makhleb.
 16292 | Lair:4   | Found a runed translucent gate.
 16293 | Lair:4   | Found a runed translucent gate.
 16294 | Lair:4   | Found a runed translucent gate.
 16294 | Lair:4   | Noticed SnakkuSnakku7's ghost (journeyman FoCA)
 16834 | Lair:4   | Reached skill level 14 in Air Magic
 17135 | Lair:5   | Entered Level 5 of the Lair of Beasts
 17191 | Lair:4   | Reached skill level 10 in Conjurations
 17274 | Lair:5   | Found a staircase to the Slime Pits.
 17365 | Lair:5   | Reached skill level 15 in Air Magic
 17668 | Lair:5   | Reached skill level 16 in Air Magic
 17668 | Lair:5   | Reached XP level 14. HP: 54/77 MP: 22/22
 17855 | Lair:5   | Reached skill level 17 in Air Magic
 18563 | Lair:5   | Noticed a dire elephant
 18563 | Lair:5   | Noticed a dire elephant
 18563 | Lair:5   | Noticed a dire elephant
 18905 | Lair:5   | Found a snail-covered altar of Cheibriados.
 19055 | Lair:5   | Reached skill level 18 in Air Magic
 19907 | Lair:5   | Killed a dire elephant
 19940 | Lair:5   | Killed a dire elephant
 19981 | Lair:5   | Killed a dire elephant
 20011 | Lair:5   | Gained mutation: You cannot voluntarily change form. [Ru
                  | sacrifice]
 20073 | Lair:5   | Reached skill level 19 in Air Magic
 21385 | D:11     | Killed Erolcha
 21386 | D:11     | Reached skill level 20 in Air Magic
 21568 | D:12     | Reached skill level 1 in Fire Magic
 22105 | D:12     | Found a staircase to the Orcish Mines.
 22112 | Orc:1    | Entered Level 1 of the Orcish Mines
 22249 | Orc:1    | Paralysed by an orc sorcerer for 5 turns
 22255 | Orc:1    | Reached XP level 15. HP: 86/88 MP: 23/23
 22342 | Orc:1    | Reached skill level 5 in Fire Magic
 22394 | Orc:1    | Found a frozen archway.
 22542 | IceCv    | Entered an ice cave
 22708 | IceCv    | Reached skill level 5 in Spellcasting
 23576 | IceCv    | Identified the +1 ring mail of Ru's Whim {Int+5 Dex-2}
 23984 | Orc:1    | Learned a level 4 spell: Vhi's Electric Charge
 24180 | Orc:2    | Entered Level 2 of the Orcish Mines
 24191 | Orc:2    | Noticed Saint Roka
 24211 | Orc:2    | Killed Saint Roka
 24227 | Orc:2    | Noticed Jorgrun
 24433 | Orc:2    | Killed Jorgrun
 24832 | Orc:2    | Found a staircase to the Elven Halls.
 25795 | Orc:2    | Found Wetsonur's Distillery.
 25795 | Orc:2    | Found Hoymur's Jewellery Shop.
 25796 | Orc:2    | Found Xuusch's Book Shop.
 25796 | Orc:2    | Found Tery's Assorted Antiques.
 25967 | Orc:1    | Reached skill level 10 in Fighting
 26251 | Orc:2    | Bought a potion of heal wounds for 60 gold pieces
 26251 | Orc:2    | Bought a potion of haste for 120 gold pieces
 26251 | Orc:2    | Bought 2 potions of magic for 192 gold pieces
 26251 | Orc:2    | Bought a potion of heal wounds for 60 gold pieces
 26251 | Orc:2    | Bought a potion of might for 48 gold pieces
 26251 | Orc:2    | Bought a potion of might for 48 gold pieces
 26784 | D:13     | Identified the +5 scale mail "Yhuq" {rElec Will+}
 26805 | D:13     | Reached XP level 16. HP: 55/97 MP: 27/27
 27502 | D:13     | Identified the +0 leather armour of Kiruruc {Str+3}
 27555 | D:14     | Found Laefoep's Island Escapes.
 27563 | D:14     | Bought a scroll of teleportation for 36 gold pieces
 27563 | D:14     | Bought a scroll of blinking for 90 gold pieces
 27563 | D:14     | Bought a scroll of teleportation for 36 gold pieces
 27563 | D:14     | Bought a scroll of teleportation for 36 gold pieces
 27948 | D:14     | Noticed Agnes
 27952 | D:14     | Killed Agnes
 28531 | D:14     | Reached skill level 10 in Fire Magic
 28569 | D:14     | Gained mutation: You take slightly more damage. (AC -5) [Ru
                  | sacrifice]
 28569 | D:14     | Reached ****** piety under Ru
 28855 | D:14     | Found a gate to the Vaults.
 28970 | D:15     | Entered Level 15 of the Dungeon
 29106 | D:15     | Found Jauperch's Antique Armour Emporium.
 29214 | D:15     | Bought an embroidered cloak for 240 gold pieces
 29214 | D:15     | Bought a pair of embroidered gloves for 240 gold pieces
 29545 | D:15     | Reached skill level 21 in Air Magic
 30140 | D:15     | Identified the +0 leather armour of Cowardice {Slay+2}
 30737 | D:15     | Found a staircase to the Depths.
 30941 | Shoals:1 | Entered Level 1 of the Shoals
 31168 | Shoals:1 | Reached skill level 22 in Air Magic
 31322 | Shoals:1 | Learned a level 6 spell: Plasma Beam
 31762 | Shoals:1 | Identified the +0 pair of gloves of Elefit {+Blink rCorr
                  | Str+4 Stlth-}
 31762 | Shoals:1 | Noticed Nikola
 31768 | Shoals:1 | Killed Nikola
 32746 | Shoals:2 | Reached skill level 23 in Air Magic
 32749 | Shoals:2 | Reached XP level 17. HP: 68/99 MP: 10/28
 33499 | Shoals:2 | Noticed Polyphemus
 33663 | Shoals:2 | Found a radiant altar of Vehumet.
 33866 | Shoals:2 | Killed Polyphemus
 33916 | Shoals:2 | Reached skill level 24 in Air Magic
 34326 | Shoals:2 | Noticed a kraken
 34336 | Shoals:2 | Killed a kraken
 35087 | Shoals:3 | Noticed Mara
 35431 | Shoals:2 | Learned a level 8 spell: Maxwell's Capacitive Coupling
 35464 | Shoals:3 | Noticed DracoOmega's illusion
 35470 | Shoals:3 | Killed Mara
 36202 | Shoals:3 | Reached skill level 25 in Air Magic
 36306 | Shoals:3 | Noticed Ilsuiw
 36984 | Shoals:3 | Killed Ilsuiw
 37295 | Shoals:4 | Entered Level 4 of the Shoals
 37709 | Shoals:4 | Paralysed by an air elemental for 1 turns
 37716 | Shoals:4 | Paralysed by an air elemental for 1 turns
 37731 | Shoals:4 | Reached skill level 1 in Shields
 37779 | Shoals:4 | Paralysed by an air elemental for 1 turns
 37782 | Shoals:4 | Paralysed by an air elemental for 1 turns
 37878 | Shoals:4 | Reached skill level 10 in Dodging
 38151 | Shoals:4 | Identified the +11 sling "Liehohei" {antimagic, +Blink rC+
                  | Int+2}
 38645 | Shoals:4 | Paralysed by an air elemental for 1 turns
 38797 | Shoals:4 | Reached XP level 18. HP: 68/107 MP: 11/29
 39036 | Shoals:4 | Paralysed by an air elemental for 1 turns
 39422 | Shoals:4 | Identified the staff of the Weasel {^Drain rN+ Stlth+ Ice
                  | Earth}
 39424 | Shoals:4 | Got a barnacled rune of Zot
 40386 | Orc:2    | Bought a scroll of blinking for 187 gold pieces
 40588 | Spider:1 | Entered Level 1 of the Spider Nest
 40588 | Spider:1 | Noticed Rupert
 40591 | Spider:1 | Killed Rupert
 41433 | Spider:1 | Identified the serpent talisman of Dithmenos's Reproof {rF-
                  | rC++}
 41433 | Spider:1 | Noticed Aizul
 41453 | Spider:1 | Killed Aizul
 43390 | Spider:2 | Identified a scroll of acquirement
 43422 | Spider:2 | Acquired 754 gold pieces
 43428 | Spider:2 | Reached skill level 15 in Dodging
 45640 | Spider:3 | Reached XP level 19. HP: 110/112 MP: 19/30
 45956 | Spider:4 | Entered Level 4 of the Spider Nest
 46923 | Spider:4 | Noticed Arachne
 46928 | Spider:4 | Killed Arachne
 47396 | Spider:4 | Found a runed translucent gate.
 47396 | Spider:4 | Found a runed translucent gate.
 47397 | Spider:4 | Found a runed translucent gate.
 47398 | Spider:4 | Noticed cfbundy's ghost (adept FoFi)
 47409 | Spider:4 | Reached skill level 10 in Spellcasting
 47722 | Spider:4 | Got a gossamer rune of Zot
 47738 | Spider:4 | Identified the +2 hat of Insurance {rCorr SInv Stlth+}
 48198 | Spider:4 | Gained mutation: You are frail. (-10% HP) [mutagenic glow]
 48201 | Spider:4 | Killed cfbundy's ghost
 48209 | Spider:4 | Gained mutation: You sometimes lose your temper in combat.
                  | [mutagenic glow]
 48340 | Spider:4 | Identified the +1 cloak of Magic {^Drain rF+ Dex+7}
 48350 | Spider:4 | Lost mutation: You sometimes lose your temper in combat.
                  | [potion of mutation]
 48350 | Spider:4 | Lost mutation: You are frail. (-10% HP) [potion of
                  | mutation]
 48611 | Elf:1    | Entered Level 1 of the Elven Halls
 48882 | Elf:1    | Paralysed by an air elemental for 1 turns
 49218 | Elf:1    | Found a transporter.
 49220 | Elf:1    | Found Xydgh's Antique Armour Boutique.
 49930 | Elf:1    | Found a transporter.
 49932 | Elf:1    | Noticed Kirke
 49956 | Elf:1    | Paralysed by an air elemental for 1 turns
 50135 | Elf:1    | Killed Kirke
 50185 | Elf:1    | Bought a distressingly furry scale mail for 234 gold pieces
 50185 | Elf:1    | Identified the +5 scale mail "Fuwubril" {rElec Stlth+} (You
                  | bought it in a shop on level 1 of the Elven Halls)
 50185 | Elf:1    | Bought a crude scale mail for 234 gold pieces
 50185 | Elf:1    | Identified the +0 scale mail "Wucsunu" {Regen+ MP+9 SInv}
                  | (You bought it in a shop on level 1 of the Elven Halls)
 50221 | Elf:2    | Found a crumbling gateway.
 50331 | Elf:2    | Learned a level 5 spell: Freezing Cloud
 50337 | Elf:2    | Learned a level 5 spell: Iskenderun's Battlesphere
 50338 | Desolati | Entered the Desolation of Salt
 50485 | Desolati | Reached XP level 20. HP: 108/122 MP: 35/35
 50774 | Desolati | Identified the +1 broad axe of Lust {speed, Will+ Dex+3}
 51498 | Desolati | Identified the +1 plate armour of Defence {Rampage rN+
                  | SInv}
 51501 | Desolati | Identified the ring "Dobuin" {Will+ MP+9 EV+5 Dex-5}
 51749 | Desolati | Got Hydosk's Octavo of Soot and Jinxing
 51752 | Desolati | Learned a level 1 spell: Magic Dart
 51913 | Desolati | Identified the amulet "Geihih" {rElec rF- Regen+ Str-3
                  | Dex+8}
 52340 | Desolati | Identified the ring of Ethics {Ice Str-4 Dex+2 Slay+5}
 53333 | Desolati | Identified the amulet "Ullemm" {Regen+ Str+5 Int+2}
 53711 | Elf:2    | Reached skill level 15 in Conjurations
 53895 | Elf:2    | Found a runed translucent gate.
 53896 | Elf:2    | Found a runed translucent gate.
 53898 | Elf:2    | Found a runed translucent gate.
 53978 | Elf:2    | Found Kunoreem's Armour Boutique.
 54483 | Elf:3    | Entered Level 3 of the Elven Halls
 54589 | Abyss:3  | Cast into level 3 of the Abyss (a deep elf sorcerer)
 54715 | Abyss:3  | Got an abyssal rune of Zot
 54774 | Elf:3    | Escaped the Abyss
 54981 | Elf:3    | Paralysed by an air elemental for 1 turns
 55450 | Elf:3    | Found the +6 arbalest "Damnation" {damnation}
 55536 | Elf:3    | Reached XP level 21. HP: 117/119 MP: 37/37
 56033 | Elf:3    | Identified the +5 long sword of the Curious Wars {venom,
                  | Str+2}
 56208 | Abyss:3  | Cast into level 3 of the Abyss (a deep elf sorcerer)
 56247 | Abyss:3  | Found a corrupted altar of Lugonu.
 56329 | Abyss:3  | Noticed a bone dragon
 56338 | Abyss:3  | Noticed a bone dragon
 56504 | Elf:3    | Escaped the Abyss
 56512 | Elf:3    | Found the +6 lightning scales {swift, rElec}
 56526 | Elf:3    | Identified the staff "Herax" {rElec rF++ Str-4 Summ Fire
                  | Air}
 56996 | Elf:3    | Got the Folio of Changing Ozone
 57056 | Elf:3    | Got Erchaipiu's Essays on the Xenolith and Ashes
 57381 | Vaults:1 | Entered Level 1 of the Vaults
 58902 | Vaults:1 | Found Qoyphush's Assorted Antiques.
 58910 | Vaults:1 | Bought a scroll of teleportation for 105 gold pieces
 58910 | Vaults:1 | Bought a scroll of fear for 140 gold pieces
 59439 | Vaults:1 | Reached XP level 22. HP: 139/139 MP: 38/38
 59620 | Vaults:2 | Reached skill level 15 in Fighting
 60276 | Vaults:2 | Found Zedwoiso's Distillery.
 60285 | Vaults:2 | Bought a potion of heal wounds for 100 gold pieces
 60285 | Vaults:2 | Bought 3 potions of cancellation for 480 gold pieces
 60285 | Vaults:2 | Bought a potion of haste for 200 gold pieces
 61626 | Vaults:3 | Found Jaasocs's Weapon Emporium.
 61691 | Vaults:3 | Found Soqoisk's Antique Weapon Emporium.
 62239 | Vaults:3 | Got the Anthology of Thrice Damned Blessings
 62244 | Vaults:3 | Got Lissiag's Volume of the Entourage and Spelunking
 62309 | Vaults:3 | Paralysed by a formless jellyfish for 1 turns
 62489 | Vaults:3 | Found a staircase to the Crypt.
 62593 | Vaults:3 | Found an ancient bone altar of Kikubaaqudgha.
 62935 | Vaults:3 | You are sucked into a shaft and drop 1 floor!
 64143 | Vaults:4 | Reached XP level 23. HP: 111/148 MP: 39/39
 64262 | Vaults:4 | Identified the orb "Kuimoon" {light, Str+3 Stlth+ Hexes}
 64262 | Vaults:4 | Noticed Frederick
 64267 | Vaults:4 | Killed Frederick
 64268 | Vaults:4 | Reached skill level 26 in Air Magic
 65210 | Depths:1 | Entered Level 1 of the Depths
 65312 | Depths:1 | Noticed a caustic shrike
 65313 | Depths:1 | Noticed a caustic shrike
 65316 | Depths:1 | Killed a caustic shrike
 65320 | Depths:1 | Killed a caustic shrike
 65503 | Depths:1 | Noticed a caustic shrike
 65508 | Depths:1 | Killed a caustic shrike
 66118 | Depths:1 | Found a gateway to Hell.
 66424 | Depths:1 | Got the Tome of the Assembled Plateau
 66509 | Depths:1 | Reached skill level 27 in Air Magic
 66647 | Depths:2 | Noticed an ancient lich
 67052 | Depths:2 | Killed an ancient lich
 67612 | Depths:2 | Reached XP level 24. HP: 147/148 MP: 2/39
 67926 | Depths:2 | Found a one-way gateway to a ziggurat.
 67970 | Depths:2 | Found Qazaa's Antique Armour Boutique.
 67975 | Depths:2 | Bought a warped ring mail for 387 gold pieces
 67975 | Depths:2 | Identified the +1 ring mail of the Shishi {rCorr} (You
                  | bought it in a shop on level 2 of the Depths)
 67998 | Depths:2 | Found a one-way gate to the infinite horrors of the Abyss.
 68633 | Depths:2 | Found a one-way gate leading to the halls of Pandemonium.
 68872 | Depths:2 | Noticed a caustic shrike
 68875 | Depths:2 | Killed a caustic shrike
 69011 | Depths:2 | Identified the staff of Tenacity {*Corrode Fly rElec Str+8
                  | Conj}
 70191 | Depths:3 | Identified the +1 demon whip of Propriety {vamp, *Noise
                  | Int+5}
 70627 | Depths:3 | Found a gateway to a bazaar.
 70654 | Bazaar   | Entered a bazaar
 70658 | Bazaar   | Found Hoissav's Armour Boutique.
 70677 | Bazaar   | Found Tazohuef's General Store.
 70691 | Bazaar   | Found Jiup's Armour Shop.
 70695 | Bazaar   | Found Atet's Armour Emporium.
 70736 | Depths:4 | Entered Level 4 of the Depths
 71087 | Depths:4 | Noticed a juggernaut
 71096 | Depths:4 | Killed a juggernaut
 71136 | Depths:4 | Noticed a caustic shrike
 71136 | Depths:4 | Noticed a caustic shrike
 71137 | Depths:4 | Noticed a caustic shrike
 71637 | Depths:4 | Found a gate to the Realm of Zot.
 71881 | Depths:4 | Identified the +8 dire flail "Giepp" {elec, SInv}
 72391 | Depths:4 | Reached XP level 25. HP: 157/159 MP: 39/39
 72727 | Zot:1    | Entered Level 1 of the Realm of Zot
 72910 | Zot:1    | Noticed an orb of fire
 72910 | Zot:1    | Gained mutation: You are dopey. (Int -2) [an orb of fire]
 72915 | Zot:1    | Killed an orb of fire
 73171 | Zot:1    | Found a transporter.
 73177 | Zot:1    | Found a transporter.
 73427 | Zot:1    | Found a transporter.
 73530 | Zot:1    | Found a transporter.
 74033 | Zot:1    | Noticed an orb of fire
 74036 | Zot:1    | Identified the +0 mace of Boingep {drain, Str+4}
 74037 | Zot:1    | Killed an orb of fire
 74121 | Zot:1    | Got the Handbook of The Black Sun
 74711 | Zot:2    | Found the +4 dragonskin cloak
 74711 | Zot:2    | Noticed Tiamat
 74749 | Zot:2    | Killed Tiamat
 74910 | Zot:2    | You are sucked into a shaft and drop 2 floors!
 74931 | Zot:4    | Noticed a Killer Klown
 74972 | Zot:4    | Killed a Killer Klown
 75482 | Zot:2    | Identified the ring "Zodaaderr" {Ice rElec Will- Str+2
                  | Dex+5}
 75482 | Zot:2    | Noticed Josephina
 75510 | Zot:2    | Killed Josephina
 76500 | Zot:3    | Identified the +4 rapier of the Stained God {pain, Str+3}
 77312 | Zot:4    | Found a runed translucent door.
 77403 | Zot:4    | Found Woicakem's CLEARANCE SALE!.
 77674 | Zot:4    | Found a shimmering altar of Xom.
 77676 | Zot:4    | Noticed Heisao's ghost (legendary TrBe)
 78256 | Zot:5    | Entered Level 5 of the Realm of Zot
 78653 | Zot:5    | Reached XP level 26. HP: 164/180 MP: 24/39
 79003 | Zot:5    | Noticed a dread lich
 79007 | Zot:5    | Killed a dread lich
 79025 | Zot:5    | Noticed an orb of fire
 79028 | Zot:5    | Noticed a Killer Klown
 79031 | Zot:5    | Killed an orb of fire
 79044 | Zot:5    | Noticed a Killer Klown
 79046 | Zot:5    | Killed a Killer Klown
 79065 | Zot:5    | Killed a Killer Klown
 79071 | Zot:5    | Noticed an orb of fire
 79077 | Zot:5    | Gained mutation: You are frail. (-10% HP) [an orb of fire]
 79082 | Zot:5    | Noticed a Killer Klown
 79085 | Zot:5    | Killed an orb of fire
 79094 | Zot:5    | Noticed a Killer Klown
 79095 | Zot:5    | Noticed a Killer Klown
 79095 | Zot:5    | Noticed a Killer Klown
 79097 | Zot:5    | Noticed an orb of fire
 79110 | Zot:5    | Noticed a Killer Klown
 79124 | Zot:4    | Killed a Killer Klown
 79383 | Zot:5    | Killed a Killer Klown
 79383 | Zot:5    | Gained mutation: You are weak. (Str -2) [an orb of fire]
 79399 | Zot:4    | Killed an orb of fire
 79472 | Zot:5    | Noticed a Killer Klown
 79475 | Zot:4    | Killed a Killer Klown
 79478 | Zot:4    | Killed a Killer Klown
 79716 | Zot:5    | Killed a Killer Klown
 79741 | Zot:5    | Killed a Killer Klown
 80049 | Zot:5    | Noticed an orb of fire
 80051 | Zot:5    | Gained mutation: Your health recovers twice as slowly from
                  | being drained. [an orb of fire]
 80056 | Zot:5    | Killed an orb of fire
 80081 | Zot:5    | Lost mutation: You are frail. (-10% HP) [potion of
                  | mutation]
 80081 | Zot:5    | Lost mutation: Your health recovers twice as slowly from
                  | being drained. [potion of mutation]
 80081 | Zot:5    | Lost mutation: You are weak. (Str -2) [potion of mutation]
 80887 | Zot:5    | Got the Orb of Zot
 80992 | Zot:1    | Gained mutation: Your magical capacity is low. (-10% MP) [a
                  | cacodemon]
 81327 | D:7      | Killed Maurice
 81394 | D:4      | Gained mutation: Your magical capacity is very low. (-20%
                  | MP) [a cacodemon]
 81400 | D:4      | Killed Menkaure
 81566 | D:$      | Escaped with the Orb!

Illustrated notes

Levels and vault maps discovered:
D:1:      onia_arrival_zoo_common, layout_basic, st_stairs_1
D:2:      layout_rooms
D:3:      layout_basic, st_stairs_4
D:4:      layout_cave_pods, tgw_kikubaaqudgha, uniq_menkaure
D:5:      layout_cave_pods, nicolae_yredelemnul_corpse_copse
D:6:      layout_loops_ring, minmay_temple_entry_drinking_statues,
          portal_sewer_entry_f, serial_shops, nicolae_shop_tiny_glass,
          hangedman_decor_peaks_small, nicolae_figureground_sparkle, uniq_maggie
D:7:      layout_basic, grunt_gozag_breadcrumbs, enter_bailey_3,
          uniq_prince_ribbit1, uniq_crazy_yiuf_cottage, uniq_maurice,
          uniq_jeremiah
D:8:      layout_basic
D:9:      minmay_skewed_foursquare, layout_long_grid, chequers_big_river
D:10:     layout_stronghold, nicolae_overflow_hidden_temple,
          minmay_fractal_squares_gapless_5
D:11:     layout_roguey, david_lair_generic, serial_shops,
          nicolae_shop_just_a_little_nook, shop, dk_noncrumbling_4,
          uniq_nergalle, uniq_sonja, uniq_erolcha
D:12:     layout_rooms, orc_0_dummy
D:13:     layout_loops_cross, grunt_ministairs_7
D:14:     layout_roguey, erik_vaults_1, nicolae_island_escapes, uniq_agnes
D:15:     gammafunk_enter_depths_forms, layout_cave_pods, serial_shops, shop,
          hangedman_decor_diamond_cutter
Temple:   nicolae_temple_bog_church
Lair:1:   layout_cave_pods, cheibrodos_lair_reptile_den, serial_bayou_shore_b
Lair:2:   layout_misc_corridors, minmay_shoals_entry_beasts,
          spider_nest_entry_funnel_web, basic_altar, lemuel_fruit_tree,
          uniq_urug
Lair:3:   layout_big_grid, gauntlet_entry_generic, basic_altar,
          serial_bayou_shore_a
Lair:4:   layout_cave_pods, ebering_ghost_rock_garden
Lair:5:   due_jungle_book, layout_loops_ring, slime_entry_1,
          nicolae_quartered_pool_medium, minmay_lair_oklob_items,
          kennysheep_snail_temple
Shoals:1: layout_shoals, nicolae_shoals_loop_pool, uniq_nikola
Shoals:2: layout_shoals, wheals_shoals_ruined_temple, uniq_polyphemus
Shoals:3: layout_shoals, uniq_ilsuiw, uniq_mara
Shoals:4: shoals_end_hellmonk_storm_palace [storm_palace_center_square,
          storm_palace_corner_blocked, storm_palace_corner_narrow,
          storm_palace_corner_altar, storm_palace_corner_pillars]
Spider:1: layout_spider_delve, drop_trap, hangedman_spider_tarantella_strand,
          uniq_aizul, uniq_rupert
Spider:2: layout_cave_pods
Spider:3: layout_spider_delve, drop_trap
Spider:4: grunt_spider_rune_island, gammafunk_ghost_tricky_traps,
          guppyfry_hornet_nest, uniq_arachne
Orc:1:    layout_caves, portal_ice_cave_entry_imps
Orc:2:    st_orc_pillars, layout_caves, basic_altar, uniq_saint_roka,
          uniq_jorgrun
Elf:1:    elf_arrival_001, layout_geoelf_octagon, serial_shops,
          nicolae_shop_drivethru, nicolae_elf_shapeshifter_party, uniq_kirke
Elf:2:    nicolae_elf_blades_splatter_lattice
          [nicolae_blade_entry_floor_patterns], layout_gridlike, serial_shops,
          nicolae_shop_trees, portal_desolation_entry_ruin
Elf:3:    nooodl_elf_gasket, layout_onion_city,
          hellmonk_guarded_unrand_damnation
Vaults:1: vaults_dpeg_doors, nicolae_vaults_double_plus_2,
          nicolae_vaults_big_ls, v_misc_27, nicolae_vaults_oval_intersection,
          nicolae_vaults_apartment_1, nicolae_vaults_three_branches,
          v_pattern_1, nicolae_vaults_tangram_1,
          nicolae_vaults_closet_pinwheel_3, layout_vaults_quadrants,
          serial_shops, nicolae_lakefront_shop
Vaults:2: nicolae_vaults_tetromino_L_2, v_rooms_1, ontoclasm_vaults_idyll,
          nicolae_vaults_turnstiles, nicolae_vaults_alarming,
          nicolae_vaults_trapezoid_lopsided_1, nicolae_vaults_what_the_h,
          nicolae_vaults_closet_pinwheel_6, nicolae_vaults_tetromino_T_1,
          v_misc_12, layout_vaults_big_room, serial_shops,
          nicolae_lakefront_shop
Vaults:3: v_misc_2, grunt_vaults_twisty, minmay_crypt_entry_necro_gods,
          vaults_standard_mumra_lines, hangedman_vaults_trim,
          nicolae_vaults_trapezoid_lopsided_1, nicolae_vaults_enemy_cabinets,
          nicolae_vaults_oval_intersection, nicolae_vaults_house_1,
          ontoclasm_vaults_hangar, v_misc_11, ontoclasm_vaults_claustrophobia,
          vaults_room_stairs_pillars, nicolae_vaults_cochlea,
          layout_vaults_omnibox, serial_shops, shop,
          nicolae_shop_real_fake_doors, shop
Vaults:4: nicolae_vaults_tetromino_T_2, nicolae_vaults_door_testing_chamber,
          v_misc_11, nicolae_vaults_network_s, nicolae_vaults_spaceships,
          nicolae_vaults_circle_grid_a, nicolae_vaults_murderbox, v_misc_30,
          nicolae_vaults_sesquioval_fish, nicolae_vaults_variable_pillar_hall,
          nicolae_vaults_tetromino_T_2, layout_vaults_maze_bifur, uniq_frederick
Depths:1: layout_cave_pools, grunt_hell_entry_dis_mu, special_room
          [special_room_jelly], hangedman_abyss_or_decor_passed,
          minmay_misc_feat_alley, hangedman_corner_corridor
Depths:2: kennysheep_water_balloons, layout_cave_pools, enter_ziggurat_c,
          rand_demon_pan_entry_9, abyss_entry, special_room
          [special_room_morgue], serial_shops, nicolae_shop_rolling_square,
          pf_dread_powers_of_hell
Depths:3: nicolae_cairo_tiling, layout_cave_pools, serial_shops, bzr_firewalk,
          hellmouth_1, abyss_entry
Depths:4: grunt_zot_entry_alcove, layout_basic, hell_entry,
          grunt_decor_resistance, minmay_misc_feat_nine_boxes,
          minmay_the_grid_square_5x5_3x3_mashed
          [minmay_the_grid_square_5x5_three_small,
          minmay_the_grid_square_5x5_three_walls,
          minmay_the_grid_square_5x5_mess, minmay_the_grid_square_5x5_one_wall,
          minmay_the_grid_square_5x5_megaprize_open,
          minmay_the_grid_square_5x5_six_small,
          minmay_the_grid_square_5x5_eight, minmay_the_grid_square_5x5_slash,
          minmay_the_grid_square_5x5_half_checkered], serial_bayou_shore_b
Zot:1:    dreamdust_black_sun_cult, layout_basic,
          hangedman_zot_diagonal_lockstep, nicolae_transporter_circle
Zot:2:    layout_gridlike, uniq_tiamat, uniq_josephina
Zot:3:    layout_basic
Zot:4:    layout_cathedral_of_symmetry, ebering_ghost_xom,
          nicolae_lava_and_water, nicolae_shop_clearance
Zot:5:    layout_basic

Skill      XL: |  1  2  3  4  5  6  7  8  9 10 11 12 13 14 15 16 17 18 19 20 21 22 23 24 25 26 |
---------------+-------------------------------------------------------------------------------+-----
Long Blades    | 4 5 6 8 9 11 13 14 | 14.0
Armour         | 3 5 |  5.0
Fighting       | 5 7 8 10 13 14 16 19 22 25 | 25.4
Dodging        | 6 7 9 11 16 18 20 23 | 23.0
Necromancy     | 8 |  8.3
Spellcasting   | 4 7 10 11 | 11.0
Air Magic      | 11 16 20 23 25 27 | 27.0
Conjurations   | 6 10 15 20 22 | 22.2
Stealth        | 0 |  0.0
Fire Magic     | 4 7 10 | 10.0
Shields        | 3 |  3.0

Action                     |  1- 3 |  4- 6 |  7- 9 | 10-12 | 13-15 | 16-18 | 19-21 | 22-24 | 25-27 || total
---------------------------+-------+-------+-------+-------+-------+-------+-------+-------+-------++-------
  Melee: Falchion          |    12 |       |       |       |       |       |       |       |       ||    12
         Kick              |    11 |    42 |   112 |   268 |   410 |   331 |   522 |   384 |   176 ||  2256
         Peck              |     6 |    21 |    69 |   171 |   268 |   221 |   336 |   246 |    98 ||  1436
         Long sword        |    29 |   151 |   350 |   964 |   621 |       |       |       |       ||  2115
         Punch             |     1 |     2 |     5 |     7 |       |       |       |       |       ||    15
         Staff             |       |       |       |       |    14 |    33 |   252 |   184 |   125 ||   608
         Demon blade       |       |       |       |       |   497 |   839 |   950 |   581 |   197 ||  3064
  Throw: Dart              |       |     4 |     5 |     4 |       |       |       |       |       ||    13
   Cast: Vampiric Draining |       |       |       |    37 |    82 |    38 |       |       |       ||   157
         Arcjolt           |       |       |       |       |   108 |   155 |   155 |   229 |    58 ||   705
         Vhi's Electric Ch |       |       |       |       |     1 |    52 |    48 |    39 |     3 ||   143
         Plasma Beam       |       |       |       |       |       |    59 |     9 |     4 |       ||    72
         Maxwell's Capacit |       |       |       |       |       |    60 |    43 |    81 |    96 ||   280
         Freezing Cloud    |       |       |       |       |       |       |    17 |     4 |     2 ||    23
         Magic Dart        |       |       |       |       |       |       |    27 |    15 |       ||    42
         Iskenderun's Batt |       |       |       |       |       |       |    11 |     4 |       ||    15
 Invoke: Sacrifice an Eye  |       |       |     1 |       |       |       |       |       |       ||     1
         Sacrifice Love    |       |       |       |     1 |       |       |       |       |       ||     1
         Sacrifice Resista |       |       |       |     1 |       |       |       |       |       ||     1
         Apocalypse        |       |       |       |     4 |    10 |    13 |     9 |     9 |     4 ||    49
         Reject Sacrifices |       |       |       |     1 |     2 |       |       |       |       ||     3
         Draw Out Power    |       |       |       |       |     4 |     4 |     2 |     1 |     2 ||    13
         Sacrifice Stealth |       |       |       |       |     1 |       |       |       |       ||     1
         Power Leap        |       |       |       |       |     4 |     4 |       |     2 |     1 ||    11
         Sacrifice Forms   |       |       |       |       |     1 |       |       |       |       ||     1
         Sacrifice Health  |       |       |       |       |       |     1 |       |       |       ||     1
  Evoke: Wand              |       |       |     5 |    24 |    11 |     1 |     2 |     1 |     2 ||    46
         Lightning rod     |       |       |       |       |       |       |     4 |       |       ||     4
    Use: Scroll            |       |     6 |     4 |    10 |    12 |     9 |     5 |       |     4 ||    50
         Potion            |       |       |     1 |     3 |     5 |    12 |     6 |     2 |     9 ||    38
   Stab: Sleeping          |       |       |       |     6 |       |       |       |       |       ||     6
         Paralysed         |       |       |       |    20 |     9 |    27 |    16 |    31 |     8 ||   111
         Distracted        |       |       |       |     7 |     4 |     6 |    14 |     6 |     4 ||    41
         Invisible         |       |       |       |     5 |    12 |     7 |     2 |     5 |     2 ||    33
         Petrified         |       |       |       |       |    14 |       |       |       |       ||    14
         Petrifying        |       |       |       |       |     1 |       |       |       |       ||     1
 Armour: Leather armour    |     9 |       |       |       |       |       |       |       |       ||     9
         Plate armour      |     5 |   129 |   293 |    26 |       |       |       |       |       ||   453
         Scale mail        |       |       |       |   338 |    62 |       |       |       |       ||   400
         Ring mail         |       |       |       |       |   462 |   549 |   389 |   267 |   159 ||  1826
  Dodge: Dodged            |    34 |    53 |   222 |   589 |   746 |   805 |   925 |  1042 |   576 ||  4992
  Block: Buckler           |       |       |       |    77 |   220 |   268 |   501 |   234 |   115 ||  1415
         Reflection        |       |       |       |       |     4 |       |     5 |       |       ||     9
